 Dungeon Crawl Stone Soup version 0.30.1 (webtiles) character file.

Game seed: 1635484564973194312

1208 monsoonserge the Sneak (level 8, -11/46 HPs)
             Began as a Vampire Gladiator on July 6, 2023.
             Was a Believer of Makhleb.
             Killed from afar by Dowan (19 damage)
             ... with a bolt of dispelling energy
             ... on level 5 of the Dungeon.
             The game lasted 00:11:06 (4414 turns).

monsoonserge the Sneak (Vampire Gladiator)          Turns: 4414, Time: 00:11:06

Health: -11/46     AC: 10    Str: 12 (13) XL:     8   Next: 21%
Magic:  8/8        EV:  7    Int:  8 (11) God:    Makhleb [**....]
Gold:   167        SH:  0    Dex: 14 (17) Spells: 7/7 levels left

rFire   + . .        H - +4 dagger
rCold   + + +        (no shield)
rNeg    + + +        z - +0 chain mail
rPois   ∞            c - +0 helmet
rElec   .            y - scarf {rC+ rF+}
rCorr   .            (no gloves)
SInv    +            (no boots)
Will    .....        (no amulet)
Stlth   +++          D - +4 ring of slaying
HPRegen 0.00/turn    A - +4 ring of slaying
MPRegen 0.11/turn

%: no passive effects
@: bloodless, inhibited regen
A: bloodless, fangs 3, see invisible, vampiric 2
a: Bat Form, Revivify, Renounce Religion, Minor Destruction


You were on level 5 of the Dungeon.
You worshipped Makhleb.
Makhleb was pleased with you.
You visited 2 branches of the dungeon, and saw 6 of its levels.

You collected 167 gold pieces.

Inventory:

Hand Weapons
 h - a +2 dagger of venom
 G - a +0 rapier of venom
 H - a +4 dagger (weapon)
Missiles
 d - 2 throwing nets (quivered)
 e - a javelin
 s - 3 poisoned darts
Armour
 c - a +0 helmet (worn)
 y - a scarf of resistance (worn)
 z - a +0 chain mail (worn)
 J - a +1 leather armour of cold resistance
Jewellery
 t - a ring of positive energy
 u - a ring of wizardry
 A - a +4 ring of slaying (right hand)
 B - the ring "Isaeruti" {rCorr MP+9}
   (You found it on level 4 of the Dungeon)

   [ring of magical power]

   MP:        It affects your magic capacity (+9).
   rCorr:     It protects you from acid and corrosion.
 D - a +4 ring of slaying (left hand)
Wands
 C - a wand of paralysis (7)
 F - a wand of polymorph (8)
 I - a wand of flame (16)
Scrolls
 a - a scroll of enchant weapon {unknown}
 f - 7 scrolls of identify {unknown}
 j - a scroll of noise {unknown}
 m - 3 scrolls of teleportation {unknown}
 o - a scroll of amnesia {unknown}
 p - a scroll of torment {unknown}
 v - 2 scrolls of immolation {unknown}
 w - a scroll of poison {unknown}
 x - a scroll of blinking {unknown}
Potions
 g - a potion of lignification
 k - 3 potions of curing
 n - 2 potions of invisibility {unknown}
 q - a potion of brilliance {unknown}
 r - 2 potions of mutation {unknown}
 E - 2 potions of magic {unknown}


   Skills:
 + Level 3.4 Fighting
 + Level 4.9(5.5) Short Blades
 - Level 3.2(4.4) Long Blades
 + Level 1.7 Throwing
 + Level 3.8 Armour
 + Level 4.9 Dodging
 + Level 7.5 Stealth
 + Level 0.7 Invocations


You had 7 spell levels left.
You didn't know any spells.
Your spell library contained the following spells:

 Spells                   Type           Power      Damage    Failure   Level
 Sandblast                Erth           0%         2d4       100%        1
 Shock                    Conj/Air       0%         1d3       100%        1
 Lesser Beckoning         Tloc           0%         N/A       100%        2
 Passwall                 Tmut/Erth      0%         N/A       100%        2
 Gell's Gravitas          Tloc           0%         N/A       100%        3
 Stone Arrow              Conj/Erth      0%         3d7       100%        3
 Swiftness                Air            0%         N/A       100%        3
 Teleport Other           Tloc           0%         N/A       100%        3
 Airstrike                Air            0%         2d(0-16)  100%        4


Dungeon Overview and Level Annotations

Branches:
Dungeon (5/15)             Temple (1/1) D:4

Altars:
Ashenzari
Cheibriados
Dithmenos
Fedhas
Gozag
Hepliaklqana
Kikubaaqudgha
Makhleb
Qazlal
Ru
Sif Muna
Trog
Uskayaw
Vehumet
Xom
Yredelemnul

Annotations:
D:5 Dowan


Innate Abilities, Weirdness & Mutations

You do not regenerate when monsters are visible.
You are frail without blood (-20% HP).
You can heal yourself when you bite living creatures.
You are immune to poison.
You have razor-sharp teeth.
You have supernaturally acute eyesight. (SInv)
You are afflicted with vampirism and can become a bat while bloodless.


Message History

You feel better.
Duvessa is almost dead.
Duvessa hits you but does no damage.
Dowan zaps a wand.
The bolt of dispelling energy hits you!
You completely miss Duvessa.
Duvessa is almost dead.
Duvessa hits you with a +0 rapier!
* * * LOW HITPOINT WARNING * * *
Dowan hits you with a +0 dagger.
* * * LOW HITPOINT WARNING * * *
Unknown command.
You feel much better. Duvessa barely misses you. Dowan barely misses you.
You puncture Duvessa!
You kill Duvessa!
Makhleb accepts your kill.
You can now harness Makhleb's destructive might.
Dowan's eyes darken. "You have made a black mistake."
Dowan seems to find hidden reserves of power!
Dowan hits you with a +0 dagger.
You hit Dowan. You bite Dowan!
You draw Dowan's blood!
You feel better.
Dowan is heavily wounded.
Dowan hits you with a +0 dagger.
You barely miss Dowan. You bite Dowan, but do no damage.
Dowan is heavily wounded.
Dowan zaps a wand.
The bolt of dispelling energy hits you!!
* * * LOW HITPOINT WARNING * * *
You hit Dowan.
Dowan is severely wounded.
Dowan casts a spell.
Dowan blinks!
Throw: 3 throwing nets
Press: ? - help, Q - select action, (/) - cycle Shift-Dir - straight line, f - Dowan
Aim: Dowan, wielding a +0 dagger, wearing a +0 robe and carrying a wand of quicksilver (5) (severely wounded, fast, 60% to hit)
You throw a throwing net. The throwing net hits Dowan.
Dowan is caught in the net!
Dowan is severely wounded.
Dowan zaps a wand.
The bolt of dispelling energy hits you!!
You die...

#. ## ####### #.. .
....... ... . #######
#.##. ########### #..e
........... #..#
########....## #..#......
#....# #.@)...# #....#
#§###########....##
##>....<............
#............#####...#...
############## #...####
##### ###############
#..........(...


You could see Dowan (fast, caught).

Vanquished Creatures
  Eustachio (D:4)
  Edmund (D:5)
  Duvessa (D:5)
  A black bear (D:5)
  An ogre (D:4)
  A phantom (D:5)
  2 scorpions
  Blork the orc (D:5)
  4 hounds
  Ijyb (D:5)
  Natasha (twice) (D:2)
  3 iguanas
  An orc wizard (D:5)
  3 gnolls (D:4)
  4 adders
  3 dart slugs
  6 orcs
  2 ball pythons
  6 bats
  8 endoplasms
  4 giant cockroaches
  7 goblins
  5 hobgoblins
  6 kobolds
  3 quokkas
  2 frilled lizards
  6 rats
85 creatures vanquished.

Notes
Turn   | Place    | Note
-------+----------+-------------------------------------------
     0 | D:1      | monsoonserge the Vampire Gladiator began the quest for the
                  | Orb.
     0 | D:1      | Reached XP level 1. HP: 16/16 MP: 1/1
   285 | D:1      | Reached XP level 2. HP: 17/17 MP: 2/2
  1003 | D:2      | Reached skill level 1 in Stealth
  1003 | D:2      | Gained mutation: You are afflicted with vampirism and can
                  | become a bat while bloodless. [Vampire growth]
  1003 | D:2      | Reached XP level 3. HP: 21/21 MP: 3/3
  1244 | D:2      | Noticed Natasha
  1251 | D:2      | Killed Natasha
  1252 | D:2      | Reached skill level 1 in Armour
  1257 | D:2      | Reached XP level 4. HP: 26/26 MP: 4/4
  1296 | D:2      | Noticed Natasha
  1309 | D:2      | HP: 1/26 [cerulean imp/+2 spear[Natasha] (6)]
  1312 | D:2      | Killed Natasha
  1313 | D:2      | Reached skill level 2 in Stealth
  1788 | D:3      | Found a stormy altar of Qazlal.
  1812 | D:3      | Noticed a scorpion
  1818 | D:3      | Killed a scorpion
  1819 | D:3      | Reached skill level 1 in Short Blades
  1819 | D:3      | Reached skill level 3 in Stealth
  1819 | D:3      | Reached XP level 5. HP: 30/30 MP: 5/5
  2269 | D:3      | Identified the +6 whip of Fortitude {heavy, rPois MP+9
                  | Dex-5}
  2553 | D:3      | Found a faded altar of an unknown god.
  2560 | D:3      | Prayed at the altar of an unknown god.
  2560 | D:3      | Became a worshipper of Makhleb the Destroyer
  2560 | D:3      | Reached * piety under Makhleb
  2669 | D:4      | Noticed an ogre
  2677 | D:4      | Killed an ogre
  2678 | D:4      | Reached skill level 4 in Stealth
  2791 | D:4      | Reached XP level 6. HP: 36/36 MP: 6/6
  2815 | D:4      | Identified the ring "Isaeruti" {rCorr MP+9}
  2924 | D:4      | Reached skill level 5 in Stealth
  3017 | D:4      | Found a basalt altar of Yredelemnul.
  3104 | D:4      | Found a staircase to the Ecumenical Temple.
  3113 | Temple   | Entered the Ecumenical Temple
  3317 | D:4      | Noticed Eustachio
  3326 | D:4      | Killed Eustachio
  3327 | D:4      | Reached skill level 6 in Stealth
  3327 | D:4      | Reached XP level 7. HP: 38/40 MP: 7/7
  3535 | D:5      | Entered Level 5 of the Dungeon
  3551 | D:5      | Noticed Blork the orc
  3553 | D:5      | Killed Blork the orc
  3681 | D:5      | Found a blossoming altar of Fedhas.
  3688 | D:5      | Noticed Edmund
  3707 | D:5      | Killed Edmund
  3708 | D:5      | Reached skill level 7 in Stealth
  4300 | D:5      | Noticed Ijyb
  4305 | D:5      | Killed Ijyb
  4306 | D:5      | Reached XP level 8. HP: 42/46 MP: 8/8
  4390 | D:5      | Noticed Duvessa
  4392 | D:5      | Noticed Dowan
  4410 | D:5      | Killed Duvessa
  4410 | D:5      | Reached ** piety under Makhleb
  4414 | D:5      | Killed from afar by Dowan

Illustrated notes

Levels and vault maps discovered:
D:1:      ncdulo_halloftheorcs, layout_basic, serial_forest,
          infiniplex_forest_clump_double, infiniplex_forest_clump_small,
          infiniplex_forest_clump_tiny, infiniplex_forest_end_3,
          infiniplex_forest_lined_room_2, infiniplex_forest_clump_medium,
          infiniplex_forest_straight_1, infiniplex_forest_straight_4,
          nicolae_kite_square_tiling_tiny
D:2:      layout_basic, uniq_natasha
D:3:      layout_loops_ring, mainiacjoe_overflow_alcove_4,
          shapermc_ecumenical_altar_hornbeckon
D:4:      layout_gridville, yredelemnul_altar_generic,
          minmay_temple_entry_nine_rooms, uniq_eustachio
D:5:      layout_basic, fedhas_ov_isle_minmay, uniq_edmund, uniq_duvessa,
          uniq_ijyb, uniq_blork_the_orc
Temple:   minmay_freezing_vapour_temple

Skill      XL: |  1  2  3  4  5  6  7 |
---------------+----------------------+-----
Dodging        | 4 |  4.9
Fighting       | 2 3 |  3.4
Stealth        | 1 3 4 6 7 |  7.5
Armour         | 1 2 3 |  3.8
Short Blades   | 1 3 4 |  4.9
Long Blades    | |  3.2
Throwing       | |  1.7
Invocations    | |  0.7

Action                     |  1- 3 |  4- 6 |  7- 9 || total
---------------------------+-------+-------+-------++-------
  Melee: Long sword        |    46 |       |       ||    46
         Bite              |     7 |    11 |     7 ||    25
         Punch             |     1 |     5 |     1 ||     7
         Dagger            |    41 |    90 |    59 ||   190
  Throw: Throwing net      |       |       |     1 ||     1
Ability: Exsanguinate      |     1 |       |       ||     1
    Use: Potion            |       |     1 |     4 ||     5
   Stab: Sleeping          |     7 |     6 |     4 ||    17
 Armour: Leather armour    |     8 |    14 |       ||    22
         Chain mail        |       |    14 |    24 ||    38
  Dodge: Dodged            |    22 |    55 |    16 ||    93
